 Dungeon Crawl Stone Soup version 0.29-a0-653-gd47aff6735 (webtiles) character file.

Game seed: 14194108834131905226

86 jesse the Magician (level 4, -3/31 HPs)
             Began as a Djinni Fire Elementalist on July 5, 2021.
             Slain by a gnoll
             ... wielding a +0 spear
              (9 damage)
             ... on level 3 of the Dungeon on June 21, 2022.
             The game lasted 00:09:27 (3525 turns).

jesse the Magician (Djinni Fire Elementalist)       Turns: 3525, Time: 00:09:28

Health: -3/31      AC:  2    Str:  7    XL:     4   Next: 78%
Gold:   30         EV: 12    Int: 17    God:
                   SH:  0    Dex: 14

rFire   + + .      SeeInvis .   l - +3 dagger
rCold   x . .      Faith    .   (no shield)
rNeg    . . .      Spirit   .   a - +0 robe
rPois   ∞          Reflect  .   (no helmet)
rElec   .          Harm     .   (no cloak)
rCorr   .          Rampage  .   (no gloves)
Will    .....                   (boots unavailable)
Stlth   ++........              (no amulet)
HPRegen 0.10/turn               (no ring)
MPRegen 0.00/turn               (no ring)

@: flying
A: sickness immunity, fire resistance 2, cold vulnerability 1, float, innate
caster, HP casting, extra vitality 1
a: no special abilities


You were on level 3 of the Dungeon.
You visited 1 branch of the dungeon, and saw 3 of its levels.

You collected 30 gold pieces.

Inventory:

Hand Weapons
 l - a +3 dagger (weapon)
Armour
 a - a +0 robe (worn)
Scrolls
 d - a scroll of vulnerability {unknown}
 f - 2 scrolls of noise {unknown}
 h - 2 scrolls of magic mapping {unknown}
 j - a scroll of fog {unknown}
 k - 2 scrolls of fear {unknown}
 m - a scroll of identify {unknown}
Potions
 b - a potion of degeneration {unknown}
 c - a potion of flight {unknown}
 e - a potion of heal wounds {unknown}
 g - 3 potions of might {unknown}
 i - a potion of curing {unknown}


   Skills:
 - Level 2.1 Dodging
 - Level 1.5 Stealth
 + Level 4.0 Spellcasting


You couldn't memorise any spells.
You knew the following spells:

 Your Spells              Type           Power      Damage    Failure   Level
a - Foxfire               Conj/Fire      68%        2x1d7     3%          1
b - Conjure Flame         Conj/Fire      17%        6-21      9%          3
c - Inner Flame           Hex/Fire       17%        N/A       9%          3
d - Sticky Flame          Conj/Fire      17%        2d4       30%         4
e - Fireball              Conj/Fire      8%         3d6       63%         5
f - Summon Small Mammal   Summ           68%        N/A       3%          1
Your spell library was empty.

Dungeon Overview and Level Annotations

Branches:
Dungeon (3/15)

Altars:

Shops:
D:3 (


Innate Abilities, Weirdness & Mutations

You are immune to sickness and miasma.
You are immune to poison.
Your flesh is very heat resistant. (rF++)
You are vulnerable to cold. (rC-)
You float through the air rather than walking.
You learn spells naturally, not from books.
Your magical power is your life essence.
You have superior vitality. (+4 MHP)


Message History

The adder hisses angrily.
You hit the gnoll but do no damage. The gnoll hits you with a +0 spear.
The gnoll hits you with a +0 club.
There are monsters nearby!
You hit the gnoll.
The gnoll is lightly wounded.
The gnoll completely misses you. The gnoll barely misses you.
There are monsters nearby!
You hit the gnoll.
The gnoll is severely wounded.
The gnoll closely misses you. x2
There are monsters nearby!
You hit the gnoll.
The gnoll is almost dead.
The gnoll misses you. The gnoll hits you with a +0 club.
There are monsters nearby!
You barely miss the gnoll.
The gnoll is almost dead.
The gnoll hits you with a +0 club. The gnoll closely misses you.
There are monsters nearby!
You hit the gnoll.
You kill the gnoll!
The gnoll hits you with a +0 spear.
Your Spellcasting skill increases to level 4!
There are monsters nearby!
You hit the gnoll.
The gnoll is moderately wounded.
The gnoll hits you with a +0 club. The gnoll closely misses you.
There are monsters nearby!
Casting: Foxfire (safe; 3% risk of failure)
Confirm with . or Enter, or press ? or * to list all spells.
You conjure some foxfire!
The gnoll closely misses you. The gnoll hits you with a +0 club.
Unknown command.
Unknown command.
Your foxfire dissipates!
The gnoll attacks as you move away! The gnoll hits you with a +0 spear.
* * * LOW HITPOINT WARNING * * *
The gnoll hits you from afar with a +0 spear!
You die...

# #.# ## #.#
.# #.# ##
#.# #.# #.#
#.# ### #.#
..# .#@#
###. ##.#∩#
..>. ##..gg#
##.. ##
##..)..##
..#.......##
.........<#
..#......[#
. #.<.....#
# #......##


You could see 2 gnolls.

Vanquished Creatures
  2 gnolls
  A worm (D:2)
  2 ball pythons (D:1)
  4 endoplasms
  2 giant cockroaches (D:2)
  11 goblins
  11 hobgoblins
  4 jackals (D:1)
  A quokka (D:1)
  4 bats
  2 frilled lizards (D:1)
  8 kobolds
  4 rats
56 creatures vanquished.

Vanquished Creatures (others)
  121 foxfires
121 creatures vanquished.

Grand Total: 177 creatures vanquished

Notes
Turn   | Place    | Note
-------+----------+-------------------------------------------
     0 | D:1      | jesse the Djinni Fire Elementalist began the quest for the
                  | Orb.
     0 | D:1      | Reached XP level 1. HP: 15/15 MP: 0/0
   406 | D:1      | Reached XP level 2. HP: 17/21 MP: 0/0
   799 | D:1      | Reached skill level 3 in Spellcasting
   834 | D:1      | Found a faded altar of an unknown god.
   938 | D:1      | HP: 1/21 [hobgoblin (2)]
  1341 | D:1      | Reached XP level 3. HP: 23/25 MP: 0/0
  1341 | D:1      | Learned a level 1 spell: Summon Small Mammal
  2379 | D:2      | Upgraded the game from 0.27-a0-1456-gf5a116941d to
                  | 0.29-a0-653-gd47aff6735
  2537 | D:2      | Reached XP level 4. HP: 27/31 MP: 0/0
  3177 | D:3      | Found Myddiux's Weapon Shoppe.
  3523 | D:3      | Reached skill level 4 in Spellcasting
  3525 | D:3      | Slain by a gnoll

Illustrated notes

Levels and vault maps discovered:
D:1:      matt_arrival_refuge, layout_basic,
          hellmonk_ecumenical_altar_prayer_group, minmay_close_crescents
D:2:      layout_basic
D:3:      layout_loops_ring, marbit_many_paths, serial_shops, shop,
          nicolae_shop_competitors_out_of_business, shop, nicolae_shop_crystal,
          shop, minmay_misc_feat_columns

Skill      XL: |  1  2  3  4 |
---------------+-------------+-----
Spellcasting   | 3 4 |  4.0
Dodging        | |  2.1
Stealth        | |  1.5

Action                   |  1- 3 |  4- 6 || total
-------------------------+-------+-------++-------
Melee: Short sword       |    13 |     7 ||    20
       Dagger            |       |    43 ||    43
 Cast: Foxfire           |    74 |     5 ||    79
       Conjure Flame     |     2 |       ||     2
 Stab: Sleeping          |       |     2 ||     2
Armor: Robe              |     4 |     3 ||     7
Dodge: Dodged            |    14 |    38 ||    52

Table legend: (Time is in decaauts)
 A = Elapsed time spent in this place.
 B = Non-inter-level travel time spent in this place.
 C = Inter-level travel time spent in this place.
 D = Time resting spent in this place.
 E = Time spent auto-exploring this place.
 F = Levels seen in this place.
 G = Mean time per level.
                   A        B        C        D        E       F      G
               +--------+--------+--------+--------+--------+-----+--------+
         Total |   3525 |   3492 |     33 |   1672 |   1396 |   3 | 1175.0 |
       Dungeon |   3525 |   3492 |     33 |   1672 |   1396 |   3 | 1175.0 |
               +--------+--------+--------+--------+--------+-----+--------+

Top non-repeatable levels by time:
     D:1: 2378 daAuts
     D:2: 990 daAuts
     D:3: 157 daAuts
